Humperdink, chaotic male elven Ranger ---- ---------------------------------- |..-- -................................| ---- |...| --- --------- -------------.--- --..-- ----- |..<| |...| --....| --...------.|.| ---.---....- --- |...........|.| |........--- |..----..........-|)| - -----)...^...| |...--.-..........|.| . |..--........| -..................| -.---.......--...| |..........^..--.|.| | | |......--.....---- -----|............-|--|.| | --. ---... --- ---..-..-|..--.--- --.|.---............-- |.| |...............................|%..|...| |....................| |.| -..............................(-.h---.--- ----.---.........----- |.--- |..............).....-|...---|...| ---.--....| |...| --- --... -.....@..|--...--.--- ------.-- |...| ----.......@..-- |......| --- |..-- --.G......-- |...---- ---- ---.....-- ----- --.---- --- Humperdink the Lookout Experience level: 4 Strength: 13 Dexterity: 11 Constitution: 15 Intelligence: 14 Wisdom: 13 Charisma: 9 Health: 0(30) Energy: 19(19) Def: 3 Gold: 522 Moves: 1554 Dungeon seed: FPPeotykKQWlej7H Game ID: Humperdink_1616259941 Your Inventory: Coins $ - 522 gold pieces Amulets m - a cursed amulet of change Weapons a - a +0 elven dagger (weapon in hand) b - a +1 elven bow (alternate weapon; not wielded) c - 50 +2 elven arrows (in quiver) d - 39 +0 elven arrows g - 6 +0 orcish arrows k - 2 +0 orcish daggers l - a +0 dwarvish mattock p - a +0 battle-axe v - a cursed -2 elven spear Armor e - an uncursed +2 elven cloak (being worn) n - a cursed +0 orcish helm q - an uncursed +1 orcish helm r - an uncursed +0 orcish helm z - an uncursed +0 dwarvish cloak N - an uncursed +0 pair of iron shoes Comestibles f - 4 uncursed lembas wafers u - an uncursed food ration Potions w - an uncursed potion of water Gems y - an uncursed worthless piece of green glass Y - an uncursed worthless piece of violet glass Spells and supernatural/magical abilities: Name Level Category Fail Memory W - pray for help -- divine ? -- Your skills at the end: Fighting Skills Weapon Skills dagger [Basic] bow [Basic] Spellcasting Skills Final Attributes: You were piously aligned. You were sleep resistant. You were telepathic. You had automatic searching. You had infravision. You were stealthy. You are dead. Vanquished creatures: a shrieker a gnome lord a floating eye a dwarf 2 coyotes a yellow mold a red mold 8 gnomes 2 geckos 3 jackals a kobold 8 goblins a grid bug 3 lichens a kobold zombie 4 newts 39 creatures vanquished. Voluntary challenges: You were an atheist. You used a wielded weapon 49 times, starting on turn 108. You read items or engraved 4 times, starting on turn 171. You never genocided any monsters. You never polymorphed an object. You never changed form. You used no wishes. You never split a pudding. You never wrote Elbereth's name. You never violated your personal moral code. Dungeon overview: The Dungeons of Doom: levels 1 to 4 Level 1 some fountains a long staircase Level 2 a fountain Level 3 a fountain Level 4 some fountains stairs to The Gnomish Mines The Gnomish Mines: Level 5 <- You were here stairs to The Dungeons of Doom History has recorded: On T:1 you entered the Dungeons of Doom to retrieve the Amulet of Yendor! On T:157 you advanced to experience level 2. On T:382 you reached level 2 of The Dungeons of Doom. On T:680 you reached level 3 of The Dungeons of Doom. On T:709 you advanced to experience level 3. On T:954 you reached level 4 of The Dungeons of Doom. On T:1373 you advanced to experience level 4. On T:1390 you reached level 1 of The Gnomish Mines. Score breakdown: Gold: 522 ( 9247 points) Experience: 4 levels ( 9649 points) Exploration: 5 levels ( 10.00%) ( 8571 points) Discoveries: 4 items ( 1.38%) ( 3523 points) Valuables value: (no points given unless you survive) Artifact value: 0 ( 0 points) Variety of kills: 16 monsters ( 4.20%) ( 6147 points) Turncount: 1554 turns ( 0 points) Survival: died (score multiplied by 80%) Total score: 29709 Latest messages: You hit the gnome. The gnome wields a bow! You kill the gnome! The gnome picks up a cursed thonged club. You hit the gnome! The gnome shoots an arrow! The arrow hits the gnome. The gnome is killed! You are now wielding your elven bow. a - a +0 elven dagger (alternate weapon; not wielded). You kill the gnome! You are carrying too much to get through. You fall into a pit! You are still in a pit. You crawl to the edge of the pit. You stop running. You are now wielding your elven dagger. b - a +1 elven bow (alternate weapon; not wielded). The dwarf falls into a pit! There are a few objects here. The dwarf reads a scroll labeled LEP GEX VEN ZEA! The elven arrow hits the wererat. The wererat hits! You die... Final status: Goodbye Humperdink the Ranger, killed by a wererat... You died in The Gnomish Mines on dungeon level 5 with 29709 points, and 522 pieces of gold, after 1554 moves. You were level 4 with a maximum of 30 hit points when you died.